 Dungeon Crawl Stone Soup version 0.23.0 (webtiles) character file.

Game seed: 4589629659607003819

20245 poirepourri the Cleaver (level 12, -5/123 HPs)
             Began as a Deep Dwarf Fighter on Feb 15, 2019.
             Was a High Priest of Makhleb.
             Slain by a spriggan rider
             ... wielding the +5 trident "Wafoyt" {holy, rPois Int+4 Dex+4}
              (19 damage)
             ... on level 2 of the Lair of Beasts.
             The game lasted 00:12:56 (9712 turns).

poirepourri the Cleaver (Deep Dwarf Fighter)        Turns: 9712, Time: 00:12:57

Health: -5/123     AC: 14    Str: 23    XL:     12   Next: 43%
Magic:  20/20 (11) EV:  9    Int: 10    God:    Makhleb [*****.]
Gold:   971        SH: 12    Dex: 16    Spells: 11/11 levels left

rFire    . . .     SeeInvis .   a - +5 war axe
rCold    . . .     Gourm    .   c - +0 shield
rNeg     . . .     Faith    .   N - +1 ring mail "Zaupagg" {+Inv rCorr}
rPois    .         Spirit   .   r - +2 hat
rElec    .         Reflect  .   i - +0 cloak
rCorr    +         Harm     .   G - +2 pair of gloves {Str+3}
MR       +....                  q - +0 pair of boots
Stlth    ++........             E - amulet of the acrobat
HPRegen  0.00/turn              k - ring of magical power
MPRegen  0.17/turn              d - ring of stealth

@: non-regenerating
A: damage resistance, heal wounds, sense surroundings 2, no regeneration
a: Heal Wounds, Minor Destruction, Lesser Servant of Makhleb, Major Destruction,
Greater Servant of Makhleb, Renounce Religion, Evoke Invisibility


You were on level 2 of the Lair of Beasts.
You worshipped Makhleb.
Makhleb was extremely pleased with you.
You were hungry.

You visited 3 branches of the dungeon, and saw 14 of its levels.

You collected 971 gold pieces.

Inventory:

Hand Weapons
 a - a +5 war axe (weapon)
 b - a +0 flail of protection
Missiles
 e - 8 tomahawks of returning (quivered)
 o - 16 javelins
 v - 2 throwing nets
 x - 8 tomahawks
Armour
 c - a +0 shield (worn)
 i - a +0 cloak (worn)
 q - a +0 pair of boots (worn)
 r - a +2 hat (worn)
 G - a +2 pair of gloves of strength (worn)
 N - the +1 ring mail "Zaupagg" (worn) {+Inv rCorr}
   (You found it on level 11 of the Dungeon)

   It lets you turn invisible.
   It provides partial protection from all sources of acid and corrosion.
Jewellery
 d - a ring of stealth (right hand)
 k - a ring of magical power (left hand)
 u - an uncursed amulet of the gourmand
 D - an uncursed ring of ice
 E - an amulet of the acrobat (around neck)
 L - an uncursed ring of fire {unknown}
 P - an uncursed ring of ice
Wands
 w - a wand of flame (22)
 y - a wand of enslavement (13)
 H - a wand of random effects (9)
 J - a wand of digging (10)
Scrolls
 h - 9 scrolls of remove curse
 p - a scroll of magic mapping
 s - a scroll of fog
 B - 4 scrolls of teleportation
 F - a scroll of fear
 M - a scroll of blinking
Potions
 g - 4 potions of flight
 j - 2 potions of agility
 l - 2 potions of resistance
 m - a potion of brilliance
 z - 2 potions of curing
 I - 2 potions of magic
 K - a potion of mutation {unknown}
 O - a potion of cancellation {unknown}
Comestibles
 f - 16 rations


   Skills:
 - Level 12.3 Fighting
 - Level 14.4 Axes
 - Level 3.2 Armour
 + Level 10.0 Shields


You had 11 spell levels left.
You didn't know any spells.
Your spell library contained the following spells:

 Spells                   Type           Power        Failure   Level  Hunger
 Sandblast                Erth           #.....       75%         1    ##.....
 Passwall                 Tmut/Erth      #.......     86%         2    ###....
 Stone Arrow              Conj/Erth      #.....       98%         3    ####...
 Cause Fear               Hex            #.........   100%        4    #####..
 Petrify                  Tmut/Erth      #.......     100%        4    #####..
 Lee's Rapid Deconstruct  Erth           #.........   100%        5    ######.
 Silence                  Hex/Air        #.........   100%        5    ######.
 Yara's Violent Unravell  Hex/Tmut       #.........   100%        5    ######.
 Deflect Missiles         Chrm/Air       #.........   100%        6    #######
 Discord                  Hex            #.........   100%        8    #######


Dungeon Overview and Level Annotations

Branches:
Dungeon (11/15)            Temple (1/1) D:5            Lair (2/6) D:9
 Spider (0/4) Lair:2          Orc (0/2) D:9
  Swamp: Lair:2-4    Shoals: Lair:2-4

Altars:
Ashenzari
Cheibriados
Elyvilon
Fedhas
Hepliaklqana
Kikubaaqudgha
Makhleb
Nemelex Xobeh
Okawaru
Qazlal
Ru
Sif Muna
Trog
Uskayaw
Vehumet
Xom
Yredelemnul
Zin
The Shining One

Annotations:
D:4 2 runed translucent doors, zkyp's ghost, novice FoSk
D:11 1 runed translucent door
Lair:2 inmateoo's ghost, journeyman OpTm


Innate Abilities, Weirdness & Mutations

You are resistant to damage.
You can heal yourself by infusing magical energy.
You passively map the area around you.
You do not regenerate.


Message History

You hit the death yak. You slash the death yak!
The spriggan rider hits you from afar with the +5 trident "Wafoyt" {holy, rPois Int+4 Dex+4}.
The death yak completely misses you. The death yak gores you.
* * * LOW HITPOINT WARNING * * *
The death yak gores you!
* * * LOW HITPOINT WARNING * * *
You block the death yak's attack. Inmateoo's ghost barely misses you.
The spiny frog closely misses you.
Unknown command.
Unknown command.
You hit inmateoo's ghost.
Inmateoo's ghost is moderately damaged.
You hit the death yak. You slash the death yak! You hit the spiny frog.
You hit the death yak. x2
The wolf pauses to sniff the ground.
The black mamba bites the plant but does no damage.
You block the death yak's attack. The death yak gores you!
* * * LOW HITPOINT WARNING * * *
The spriggan rider hits you from afar with the +5 trident "Wafoyt" {holy, rPois Int+4 Dex+4}!!
You die...

.#...................P....# #.
.#...P..#...#.............######.
##...P......+.....♣♣♣♣.....##..##
.....#..P...#.....♣.i♣♣♣♣.......[
......PP....#.##P.#♣♣...♣♣.......
..................⌠#♣....♣♣.###..
##.#..##.#...##PS.S#h♣ .P ♣###...
##########.....FYYY'♣♣.♣ * #...
^^## #.....Y@Wi#...♣, #... ..^##
#.....#+Y⌠#..♣..♣ ##.. ^^..##
##.......Y#♣.♣♣, ♣ ##.. .^...#
#...#####.♣$.♣♣♣♣ #... #..>.##
##..# ##♣♣♣♣..# ##.. ##....# #..#
#.....## #... ##########..#
#.....##### ##.. P####..#....#
##....P.#.####.. ............#
##..............


You could see 6 death yaks, a spriggan rider, a black mamba, a spiny frog, a
water moccasin, a wolf and inmateoo's ghost.

Vanquished Creatures
  Fannar (Lair:2)
  A hydra (Lair:2)
  2 two-headed ogres (D:11)
  Pikel (D:7)
  A cyclops (D:11)
  A manticore (D:11)
  2 ugly things (D:11)
  Maurice (D:8)
  A gargoyle (D:10)
  3 komodo dragons
  A jumping spider (Lair:2)
  2 trolls
  3 hippogriffs
  A meliai zombie (D:11)
  2 redbacks (Lair:2)
  2 spriggans
  11 yaks
  A wyvern (D:11)
  3 basilisks
  A hungry ghost (D:11)
  A steam dragon (D:10)
  Edmund (D:6)
  Duvessa (D:7)
  7 porcupines
  5 water moccasins
  6 black bears
  7 ice beasts
  2 sky beasts
  A necrophage (D:11)
  4 orc warriors
  2 phantoms
  11 centaurs
  12 wolves
  2 ogres
  4 crocodiles
  4 big kobolds
  10 bullfrogs
  Blork the orc (D:5)
  Dowan (D:7)
  A water moccasin zombie (D:11)
  2 scorpions
  5 killer bees (D:8)
  3 wights (D:10)
  A howler monkey (D:11)
  A crimson imp (D:9)
  7 hounds
  A quasit (D:10)
  3 centaur zombies
  5 jellies
  4 orc priests
  Jessica (D:2)
  5 iguanas
  Natasha (thrice) (D:2)
  16 orc wizards
  9 worker ants
  A killer bee zombie (D:5)
  A hound zombie (D:10)
  A howler monkey zombie (D:6)
  8 adders
  3 shadow imps
  An ooze (D:1)
  An adder zombie (D:9)
  An adder skeleton (D:5)
  3 worms (D:2)
  6 dart slugs
  4 leopard geckos
  50 orcs
  8 bats
  4 giant cockroaches
  3 goblins
  2 hobgoblins
  11 jackals
  19 kobolds
  5 quokkas
  2 ball pythons
  4 frilled lizards
  A jackal zombie (D:7)
  A quokka skeleton (D:4)
  7 rats (D:1)
  A fungus (Lair:2)
  2 plants
340 creatures vanquished.

Vanquished Creatures (others)
  Erica (D:8)
  A slave (D:7)
  An orc wizard (D:6)
  2 orcs
  9 fungi
  13 plants
27 creatures vanquished.

Grand Total: 367 creatures vanquished

Notes
Turn   | Place    | Note
-------+----------+-------------------------------------------
     0 | D:1      | poirepourri the Deep Dwarf Fighter began the quest for the
                  | Orb.
     0 | D:1      | Reached XP level 1. HP: 20/20 MP: 1/1
    67 | D:1      | Reached skill level 3 in Axes
    67 | D:1      | Reached XP level 2. HP: 24/27 MP: 2/2
   305 | D:1      | Reached XP level 3. HP: 29/33 MP: 3/3
   327 | D:1      | Reached skill level 4 in Axes
   766 | D:2      | Noticed Natasha
   766 | D:2      | Noticed Jessica
   774 | D:2      | Killed Jessica
   774 | D:2      | Reached XP level 4. HP: 19/40 MP: 4/4
   774 | D:2      | Killed Natasha
   774 | D:2      | Reached skill level 5 in Axes
   786 | D:2      | Noticed Natasha
   795 | D:2      | Killed Natasha
   916 | D:2      | Noticed Natasha
   917 | D:2      | Reached XP level 5. HP: 40/46 MP: 4/4
   931 | D:2      | Killed Natasha
   931 | D:2      | Reached skill level 6 in Axes
   974 | D:2      | Noticed a phantom
  1021 | D:2      | Killed a phantom
  1187 | D:2      | Found a stormy altar of Qazlal.
  1359 | D:3      | Reached skill level 7 in Axes
  1359 | D:3      | Reached XP level 6. HP: 55/55 MP: 5/5
  1560 | D:3      | Found a blossoming altar of Fedhas.
  2069 | D:4      | Found a runed translucent door.
  2235 | D:4      | Found a runed translucent door.
  2452 | D:4      | Found a burning altar of Makhleb.
  2454 | D:4      | Noticed a blizzard demon
  2482 | D:4      | Noticed zkyp's ghost (novice FoSk)
  2543 | D:4      | Noticed a neqoxec
  2543 | D:4      | Noticed a hellwing
  2545 | D:4      | Became a worshipper of Makhleb the Destroyer
  2957 | D:5      | Entered Level 5 of the Dungeon
  2980 | D:5      | Reached skill level 8 in Axes
  3005 | D:5      | Noticed an ice beast
  3015 | D:5      | Killed an ice beast
  3015 | D:5      | Reached XP level 7. HP: 31/61 MP: 6/6
  3076 | D:5      | Reached skill level 9 in Axes
  3220 | D:5      | Found a staircase to the Ecumenical Temple.
  3234 | Temple   | Entered the Ecumenical Temple
  3711 | D:5      | Noticed Blork the orc
  3720 | D:5      | Killed Blork the orc
  3847 | D:6      | Reached skill level 10 in Axes
  3935 | D:6      | Found a radiant altar of Vehumet.
  3965 | D:6      | Reached XP level 8. HP: 38/68 MP: 7/7
  3986 | D:6      | Noticed Edmund
  4061 | D:6      | Killed Edmund
  4083 | D:6      | Reached skill level 11 in Axes
  4093 | D:6      | Noticed a +0 dagger
  4093 | D:6      | Noticed a +0 dagger
  4095 | D:6      | Found a hide-covered altar of Uskayaw.
  4102 | D:6      | Reached * piety under Makhleb
  4213 | D:6      | Reached skill level 12 in Axes
  4253 | D:6      | Found a deep blue altar of Sif Muna.
  4380 | D:6      | Gained mutation: You passively map the area around you.
                  | [Deep Dwarf growth]
  4380 | D:6      | Reached XP level 9. HP: 52/74 MP: 8/8
  4649 | D:7      | Found an ancient bone altar of Kikubaaqudgha.
  4695 | D:7      | Noticed a troll
  4699 | D:7      | Killed a troll
  4699 | D:7      | Reached skill level 13 in Axes
  4939 | D:7      | Noticed Duvessa
  4939 | D:7      | Noticed Dowan
  4946 | D:7      | Noticed Pikel
  4951 | D:7      | Killed Duvessa
  4960 | D:7      | Killed Dowan
  4970 | D:7      | Killed Pikel
  4970 | D:7      | Reached ** piety under Makhleb
  4970 | D:7      | Reached skill level 14 in Axes
  5320 | D:8      | Noticed Erica
  5334 | D:8      | Noticed Maurice
  5336 | D:8      | Reached XP level 10. HP: 59/87 MP: 9/9
  5346 | D:8      | Killed Erica
  5346 | D:8      | Reached skill level 5 in Fighting
  5628 | D:8      | Killed Maurice
  5703 | D:8      | Found an iron altar of Okawaru.
  5705 | D:8      | Found a hazy altar of Hepliaklqana.
  6111 | D:9      | Reached *** piety under Makhleb
  6220 | D:9      | Found a staircase to the Lair.
  6557 | D:9      | Found a glowing golden altar of the Shining One.
  6573 | D:9      | Found a sacrificial altar of Ru.
  6588 | D:9      | Reached XP level 11. HP: 101/108 MP: 10/10
  6671 | D:9      | Reached **** piety under Makhleb
  6689 | D:9      | Found a staircase to the Orcish Mines.
  6789 | D:10     | Entered Level 10 of the Dungeon
  6856 | D:10     | Reached skill level 10 in Fighting
  7707 | D:11     | Got a transparent ring mail
  7719 | D:11     | Identified the +1 ring mail "Zaupagg" {+Inv rCorr} (You
                  | found it on level 11 of the Dungeon)
  7786 | D:11     | Noticed a two-headed ogre
  7800 | D:11     | Killed a two-headed ogre
  7873 | D:11     | Noticed a purple ugly thing
  7878 | D:11     | Noticed a green ugly thing
  7882 | D:11     | Noticed a two-headed ogre
  7889 | D:11     | Killed a white ugly thing
  7894 | D:11     | Killed a purple ugly thing
  7894 | D:11     | Killed a two-headed ogre
  8210 | D:11     | Found a runed translucent door.
  8330 | Lair:1   | Entered Level 1 of the Lair of Beasts
  8634 | Lair:1   | Reached skill level 5 in Shields
  8642 | Lair:1   | Reached ***** piety under Makhleb
  8648 | Lair:1   | Reached XP level 12. HP: 122/122 MP: 11/11
  8994 | Lair:2   | Found a runed translucent door.
  9081 | Lair:2   | Noticed an eight-headed hydra
  9136 | Lair:2   | Noticed inmateoo's ghost (journeyman OpTm)
  9140 | Lair:2   | Identified the +5 trident "Wafoyt" {holy, rPois Int+4
                  | Dex+4}
  9204 | Lair:2   | Noticed Fannar
  9228 | Lair:2   | Killed Fannar
  9374 | Lair:2   | Killed an eight-headed hydra
  9485 | Lair:2   | Found a hole to the Spider Nest.
  9705 | Lair:2   | Reached skill level 10 in Shields
  9708 | Lair:2   | Noticed a death yak
  9708 | Lair:2   | Noticed a death yak
  9708 | Lair:2   | Noticed a death yak
  9708 | Lair:2   | Noticed a death yak
  9708 | Lair:2   | Noticed a death yak
  9708 | Lair:2   | Noticed a death yak
  9712 | Lair:2   | Slain by a spriggan rider

Skill      XL: |  1  2  3  4  5  6  7  8  9 10 11 12 |
---------------+-------------------------------------+-----
Axes           | 3 4 5 7 8 10 12 14 | 14.4
Fighting       | 4 9 12 | 12.3
Shields        | 6 10 | 10.0
Armour         | |  3.2

Action                   |  1- 3 |  4- 6 |  7- 9 | 10-12 || total
-------------------------+-------+-------+-------+-------++-------
Melee: War axe           |    93 |   180 |   347 |   578 ||  1198
       Flail             |       |       |       |     5 ||     5
Throw: Tomahawk          |       |       |     1 |       ||     1
 Abil: Heal Wounds       |       |     2 |     3 |     3 ||     8
Evoke: Wand              |       |       |    11 |    11 ||    22
  Use: Scroll            |     3 |     6 |     9 |    11 ||    29
       Potion            |     1 |     3 |    11 |     5 ||    20
 Stab: Distracted        |       |       |       |     1 ||     1
       Sleeping          |       |       |       |     2 ||     2
  Eat: Ration            |       |     2 |     1 |     2 ||     5
       Chunk             |       |     2 |     7 |     6 ||    15
Armor: Scale mail        |    57 |    92 |   179 |   199 ||   527
       Ring mail         |       |       |       |   123 ||   123
Dodge: Dodged            |    37 |    55 |    83 |   206 ||   381
Block: Shield            |    44 |    80 |   148 |   318 ||   590
